 Dungeon Crawl Stone Soup version 0.25.0-9-g26727b657a (webtiles) character file.

Game seed: 10017779666479076505

21 Esekla the Grasshopper (level 2, -2/16 HPs)
             Began as a Deep Elf Warper on June 20, 2020.
             Slain by an adder (4 damage)
             ... on level 2 of the Dungeon.
             The game lasted 00:06:09 (1218 turns).

Esekla the Grasshopper (Deep Elf Warper)            Turns: 1218, Time: 00:06:10

Health: -2/16      AC:  0    Str:  8    XL:     2   Next: 65%
Magic:  1/8        EV: 13    Int: 17    God:
Gold:   53         SH:  0    Dex: 14    Spells: 3/7 levels left

rFire    . . .     SeeInvis .   a - +0 falchion
rCold    . . .     Gourm    .   (no shield)
rNeg     . . .     Faith    .   (no armour)
rPois    .         Spirit   .   (no helmet)
rElec    .         Reflect  .   (no cloak)
rCorr    .         Harm     .   (no gloves)
MR       .....                  (no boots)
Stlth    +.........             (no amulet)
HPRegen  0.05/turn              (no ring)
MPRegen  0.11/turn              (no ring)

@: lethally poisoned (-2 -> -11)
A: no striking features
a: no special abilities


You were on level 2 of the Dungeon.
You were not hungry.

You visited 1 branch of the dungeon, and saw 3 of its levels.

You collected 53 gold pieces.

Inventory:

Hand Weapons
 a - a +0 falchion (weapon)
 l - a +0 short sword
Missiles
 e - 4 boomerangs of dispersal
 h - 17 poisoned darts (quivered)
Scrolls
 d - a scroll of blinking
 g - a scroll of identify {unknown}
 j - a scroll of enchant weapon {unknown}
Potions
 b - a potion of might {unknown}
 c - a potion of stabbing {unknown}
 i - a potion of flight {unknown}
 k - a potion of haste {unknown}
Comestibles
 f - 2 rations


   Skills:
 - Level 1.5 Fighting
 * Level 2.4 Long Blades
 + Level 1.0 Throwing
 - Level 0.7 Armour
 * Level 3.1 Dodging
 - Level 3.0 Spellcasting
 + Level 3.4 Translocations


You had 3 spell levels left.
You knew the following spells:

 Your Spells              Type           Power        Failure   Level  Hunger
a - Shroud of Golubria    Chrm/Tloc      #.....       13%         2    ##.....
b - Blink                 Tloc           N/A          7%          2    ##.....

Your spell library contained the following spells:

 Spells                   Type           Power        Failure   Level  Hunger
 Gell's Gravitas          Tloc           ##........   13%         3    ###....
 Lesser Beckoning         Tloc           ##........   13%         3    ###....
 Teleport Other           Tloc           ##......     13%         3    ###....
 Passage of Golubria      Tloc           N/A          41%         4    ####...


Dungeon Overview and Level Annotations

Branches:
Dungeon (3/15)

Altars:


Message History

You feel sick.
Throwing (i - inventory. (/) - cycle)
h - 18 poisoned darts (quivered)
Press: ? - help, Shift-Dir - straight line, f/p - adder
Aim: an adder You throw a poisoned dart.
The poisoned dart hits the adder.
The adder is poisoned.
You hit the adder but do no damage.
The adder is lightly wounded.
Your shroud begins to fray at the edges.
The adder bites you.
* * * LOW HITPOINT WARNING * * *
You are lethally poisoned!
The adder poisons you!
Your shroud falls apart!
The adder barely misses you.
You miss the adder.
The adder is moderately wounded.
* * * LOW HITPOINT WARNING * * *
You feel sick. The adder bites you.
You die...

####.....#.........#
#.##.....##.....#######
#.#####.#.......##.....
#....##.#.#..>..##.....
#....##.#.#.....##.....
#....##.#.#.....##.....
#...>##.#.#.....##.....
##...##.#..............
#..(S@.###............
#...#### #####..).....
#...# #........ #...#
#.....##+ ##### ###.###
#.# #.# #.# #.#


You could see an adder (poisoned).

Vanquished Creatures
  An ooze (D:1)
  2 giant cockroaches (D:1)
  3 goblins (D:1)
  2 hobgoblins
  3 kobolds
  2 bats
  2 frilled lizards
  A rat (D:1)
16 creatures vanquished.

Notes
Turn   | Place    | Note
-------+----------+-------------------------------------------
     0 | D:1      | Esekla the Deep Elf Warper began the quest for the Orb.
     0 | D:1      | Reached XP level 1. HP: 12/12 MP: 6/6
   236 | D:1      | Reached XP level 2. HP: 7/16 MP: 8/8
   562 | D:1      | Learned a level 2 spell: Shroud of Golubria
   565 | D:1      | Learned a level 2 spell: Blink
  1218 | D:2      | Slain by an adder

Illustrated notes

Levels and vault maps discovered:
D:1:      roderic_dead_forest, layout_basic, minmay_pentomino_v4
D:2:      layout_basic, first_ration, lemuel_statue_altar
D:3:      layout_loops_ring, lemuel_crystal_altar, nicolae_ru_path_of_blood,
          uniq_natasha

Skill      XL: |  1  2 |
---------------+-------+-----
Long Blades    | 2 |  2.4
Dodging        | 3 |  3.1
Fighting       | |  1.5
Throwing       | |  1.0
Armour         | |  0.7
Spellcasting   | |  3.0
Translocations | |  3.4

Action                   || total
-------------------------++-------
Melee: Falchion          ||    50
Throw: Dart              ||     7
       Boomerang         ||     1
 Cast: Shroud of Golubri ||     8
       Blink             ||     2
 Stab: Sleeping          ||     3
  Eat: Chunk             ||     1
Dodge: Dodged            ||    26
       Rpst.: Falchion   ||     6
